 Dungeon Crawl Stone Soup version 0.28-a0-906-g0406aca7d3 (webtiles) character file.

Game seed: 3526033427024882901

340 bande the Covered (level 6, -17/38 HPs)
             Began as a Gargoyle Fighter on Nov 24, 2021.
             Demolished by an ogre (20 damage)
             ... on level 3 of the Dungeon.
             The game lasted 00:05:30 (3852 turns).

bande the Covered (Gargoyle Fighter)                Turns: 3852, Time: 00:05:31

Health: -17/38     AC: 17    Str: 20    XL:     6   Next: 56%
Magic:  6/6        EV: 10    Int:  9    God:
Gold:   75         SH:  4    Dex: 10    Spells: 5/5 levels left

rFire   . . .      SeeInvis .   k - +4 hand axe
rCold   . . .      Faith    .   c - +0 buckler
rNeg    + . .      Spirit   .   m - +3 ring mail
rPois   ∞          Reflect  .   i - +2 helmet
rElec   +          Harm     .   l - +0 cloak
rCorr   .          Rampage  .   (no gloves)
Will    .....                   (no boots)
Stlth   ..........              (no amulet)
HPRegen 0.12/turn               (no ring)
MPRegen 0.10/turn               (no ring)

@: no status effects
A: sickness immunity, AC +4, negative energy resistance 1, electricity
resistance, torment resistance 1, petrification resistance
a: no special abilities


You were on level 3 of the Dungeon.
You visited 1 branch of the dungeon, and saw 4 of its levels.

You collected 75 gold pieces.

Inventory:

Hand Weapons
 a - a +1 war axe
 j - a +0 morningstar
 k - a +4 hand axe (weapon)
Armour
 c - a +0 buckler (worn)
 i - a +2 helmet (worn)
 l - a +0 cloak (worn)
 m - a +3 ring mail (worn)
Wands
 h - a wand of digging (2)
Scrolls
 d - a scroll of amnesia
 e - a scroll of identify
Potions
 b - a potion of attraction {unknown}
 f - 2 potions of curing
 g - a potion of cancellation


   Skills:
 + Level 4.2 Fighting
 + Level 4.2 Axes
 + Level 4.9 Armour
 - Level 0.7 Dodging
 + Level 3.7 Shields
 * Level 0.4 Evocations


You had 5 spell levels left.
You didn't know any spells.
Your spell library contained the following spells:

 Spells                   Type           Power      Damage    Failure   Level
 Animate Skeleton         Necr           0%         N/A       56%         1
 Pain                     Necr           0%         1d4       56%         1
 Frozen Ramparts          Ice            0%         1d2       90%         3
 Vampiric Draining        Necr           0%         2d6       90%         3
 Ice Form                 Ice/Tmut       0%         N/A       100%        4
 Summon Ice Beast         Ice/Summ       0%         N/A       100%        4


Dungeon Overview and Level Annotations

Branches:
Dungeon (4/15)
 Temple: D:4-7

Altars:


Innate Abilities, Weirdness & Mutations

You are immune to sickness and miasma.
Your stone body is resilient. (AC +4)
You are immune to poison.
You resist negative energy. (rN+)
You are resistant to electric shocks. (rElec)
You are resistant to unholy torment.
You are immune to petrification.


Message History

The goblin hits you but does no damage. The quokka bites you.
The ogre hits you but does no damage.
Unknown command.
You barely miss the ogre. You hit the goblin.
You kill the goblin!
You closely miss the quokka. The quokka misses you.
The ogre hits you with a +0 giant spiked club!!
Ouch! That really hurt!
The quokka barely misses you.
You barely miss the ogre. You hit the quokka.
The ogre hits you with a +0 giant spiked club!
* * * LOW HITPOINT WARNING * * *
You block the quokka's attack.
You hit the ogre.
The ogre is lightly wounded.
You miss the quokka.
The quokka bites you but does no damage.
The ogre barely misses you.
Unknown command.
You barely miss the ogre. You barely miss the quokka.
The quokka bites you but does no damage.
You hit the ogre.
The ogre is lightly wounded.
You barely miss the quokka.
The quokka bites you but does no damage.
The ogre barely misses you. The quokka bites you.
* * * LOW HITPOINT WARNING * * *
Unknown command.
You slash the ogre!
The ogre is heavily wounded.
You barely miss the quokka.
The ogre hits you with a +0 giant spiked club.
* * * LOW HITPOINT WARNING * * *
The quokka bites you but does no damage.
You hit the ogre.
The ogre is severely wounded.
You closely miss the quokka. The quokka closely misses you.
The ogre hits you with a +0 giant spiked club!!
Ouch! That really hurt!
You die...

#.##### ##.## ##.##
###.....####...###.#.###
#.................###..#
#.#####.####...###.#.#.#####
#.# #.# ##.#............#
#.# #.# #.#.##...#.###.#####
##.# #.#
#.#.###.##....#...[) ...##
#.# #.#)###.######.#####
##..# #.# #..@r...# #.# ##.#
#.# ###O##### #.# ###.# #.#
##.## ##.## .##.# #.# #...#
#...#### .##.# #.# #...#
#....... ....# #.# #...#
#...###. .#..####.########.#
##### #. .....##...........#
#. ...#.....#######..# ##


You could see an ogre and a quokka.

Vanquished Creatures
  Sigmund (D:2)
  An orc priest (D:3)
  Crazy Yiuf (D:2)
  Robin (D:1)
  2 adders
  A dart slug (D:1)
  4 orcs
  7 ball pythons
  10 endoplasms
  2 giant cockroaches
  19 goblins
  7 hobgoblins (D:1)
  5 quokkas
  6 bats
  6 frilled lizards
  6 kobolds
  8 rats
87 creatures vanquished.

Notes
Turn   | Place    | Note
-------+----------+-------------------------------------------
     0 | D:1      | bande the Gargoyle Fighter began the quest for the Orb.
     0 | D:1      | Reached XP level 1. HP: 14/14 MP: 1/1
   231 | D:1      | Reached XP level 2. HP: 19/19 MP: 2/2
   497 | D:1      | Reached XP level 3. HP: 13/23 MP: 3/3
  1188 | D:2      | Noticed Robin
  1506 | D:1      | Killed Robin
  1507 | D:1      | Reached XP level 4. HP: 14/29 MP: 4/4
  1805 | D:2      | Noticed Sigmund
  1814 | D:2      | Killed Sigmund
  1815 | D:2      | Reached XP level 5. HP: 11/33 MP: 5/5
  2351 | D:2      | Reached XP level 6. HP: 38/38 MP: 6/6
  2904 | D:2      | Found a runed translucent door.
  2905 | D:2      | Noticed Crazy Yiuf
  2954 | D:2      | Killed Crazy Yiuf
  3852 | D:3      | Demolished by an ogre

Illustrated notes

Levels and vault maps discovered:
D:1:      psy_arrival_radial02, layout_basic
D:2:      layout_basic, minmay_indecisive_spiral, uniq_sigmund,
          uniq_crazy_yiuf_cottage, uniq_robin
D:3:      layout_loops_ring, chequers_serial_rivers_micro_c,
          hangedman_decor_riveting
D:4:      layout_cave_pools, mainiacjoe_overflow_paths

Skill      XL: |  1  2  3  4  5 |
---------------+----------------+-----
Axes           | 2 3 4 |  4.2
Fighting       | 4 |  4.2
Armour         | 4 |  4.9
Dodging        | |  0.7
Shields        | |  3.7
Evocations     | |  0.4

Action                   |  1- 3 |  4- 6 || total
-------------------------+-------+-------++-------
Melee: War axe           |    98 |    91 ||   189
       Hand axe          |       |    27 ||    27
  Use: Potion            |       |     1 ||     1
       Scroll            |       |     7 ||     7
Armor: Scale mail        |    77 |    59 ||   136
       Ring mail         |       |    13 ||    13
Dodge: Dodged            |    58 |    57 ||   115
Block: Buckler           |    16 |    24 ||    40

Table legend: (Time is in decaauts)
 A = Elapsed time spent in this place.
 B = Non-inter-level travel time spent in this place.
 C = Inter-level travel time spent in this place.
 D = Time resting spent in this place.
 E = Time spent auto-exploring this place.
 F = Levels seen in this place.
 G = Mean time per level.
                   A        B        C        D        E       F      G
               +--------+--------+--------+--------+--------+-----+--------+
         Total |   3928 |   3881 |     47 |    936 |   2279 |   4 |  982.0 |
       Dungeon |   3928 |   3881 |     47 |    936 |   2279 |   4 |  982.0 |
               +--------+--------+--------+--------+--------+-----+--------+

Top non-repeatable levels by time:
     D:1: 1731 daAuts
     D:2: 1374 daAuts
     D:3: 776 daAuts
     D:4: 47 daAuts
